Map: Ultralove

Players

MonstR - Winner!

  • Race: Terran Terran
  • League: Grandmaster
  • Spawn Location: 7:00

SilentFate

  • Race: Zerg Zerg
  • League: Master
  • Spawn Location: 1:00

VOD

Have the link to the VOD?

Description

Time

  • Played on: Nov. 9, 2025, 2:38 a.m.
  • Length: 11:27
Show
View Real Time Build Order
Export as new Build Order

MonstR Terran - Winner!

Build Orders: 2 Factory, Command Center First, Mech 

Get SALT Encoding   

  12  0:00  SCV  
  13  0:12  SCV  
  14  0:16  Supply Depot  
  14  0:24  SCV  
  15  0:38  SCV  
  16  0:50  SCV  
  17  1:02  SCV  
  18  1:06  Command Center  
  18  1:14  SCV  
  18  1:17  Barracks  
  19  1:21  Refinery  
  19  1:26  SCV  
  20  1:38  SCV  
  21  1:40  Refinery  
  21  1:50  SCV  
  22  2:04  Orbital Command  
  22  2:06  Reaper  
  23  2:17  Orbital Command  
  23  2:27  Command Center  
  23  2:30  SCV  
  23  2:36  Orbital Command  
  24  2:40  Factory  
  24  2:45  SCV  
  24  2:46  Barracks Reactor  
  25  2:58  SCV  
  26  3:02  SCV  
  27  3:06  Factory  
  27  3:10  SCV  
  28  3:14  SCV  
  29  3:22  SCV  
  29  3:26  Factory, SCV  
  31  3:30  Hellion x2  
  31  3:33  Barracks Tech Lab  
  35  3:34  SCV  
  35  3:38  SCV  
  35  3:39  Orbital Command  
  37  3:46  SCV  
  38  3:50  SCV  
  38  3:55  Hellion x2  
  42  3:58  SCV  
  42  4:00  Siege Tank  
  46  4:05  SCV x2  
  46  4:09  Supply Depot  
  48  4:10  Supply Depot, SCV  
  48  4:11  Factory Tech Lab  
  50  4:17  SCV x2  
  50  4:24  Hellion x2  
  53  4:25  Orbital Command  
  53  4:28  SCV  
  53  4:29  SCV  
  53  4:32  Siege Tank  
  56  4:39  Supply Depot, Refinery  
  56  4:40  SCV  
  56  4:41  SCV  
  56  4:42  Engineering Bay  
  56  4:45  Siege Tank  
  61  4:49  Refinery  
  61  4:50  SCV  
  61  4:52  SCV  
  63  4:53  SCV  
  64  5:00  Supply Depot  
  64  5:03  Armory, SCV  
  64  5:04  Armory, SCV  
  64  5:05  SCV  
  67  5:09  Hellion  
  67  5:10  Hellion  
  71  5:15  SCV  
  71  5:16  Cyclone, SCV  
  71  5:19  SCV  
  77  5:22  Supply Depot  
  77  5:27  Siege Tank, SCV  
  81  5:28  SCV  
  81  5:31  SCV  
  81  5:34  Refinery  
  81  5:35  Refinery  
  83  5:39  SCV  
  83  5:40  SCV  
  85  5:43  SCV  
  85  5:44  Supply Depot x2  
  85  5:45  Supply Depot  
  86  5:51  SCV  
  86  5:52  SCV  
  86  5:55  Terran Vehicle Weapons Level 1, Terran Vehicle And Ship Armor Level 1  
  88  6:00  Factory  
  88  6:02  SCV  
  88  6:03  SCV  
  90  6:04  Factory, SCV  
  90  6:06  Hellion  
  90  6:07  Hellion x2  
  90  6:08  Hellion  
  99  6:14  SCV  
  99  6:15  SCV  
  101  6:20  SCV  
  102  6:26  SCV  
  102  6:27  SCV  
  102  6:28  Hellion  
  105  6:32  SCV  
  105  6:35  Siege Tank  
  105  6:36  Hellion x2  
  105  6:38  SCV  
  105  6:39  SCV  
  110  6:49  Siege Tank  
  110  6:50  SCV, Factory Tech Lab  
  110  6:51  SCV x2  
  112  6:55  Supply Depot x2, Command Center  
  112  6:56  Supply Depot x2  
  112  6:59  Factory Tech Lab  
  110  7:03  SCV  
  110  7:04  Hellion x2  
  110  7:07  Siege Tank  
  110  7:08  Infernal Pre-Igniter  
  118  7:09  Siege Tank  
  121  7:16  Starport  
  121  7:18  Starport  
  121  7:22  Siege Tank x2  
  127  7:34  Hellion x2  
  131  7:39  Siege Tank  
  131  7:40  Factory  
  131  7:41  Siege Tank  
  131  7:43  Supply Depot x3  
  137  7:51  Terran Vehicle Weapons Level 2  
  137  7:54  Siege Tank  
  137  7:55  Starport Tech Lab  
  137  7:56  Starport Tech Lab  
  144  8:13  Hellion x2  
  144  8:17  Terran Vehicle And Ship Armor Level 2  
  141  8:23  Banshee  
  141  8:24  Banshee  
  141  8:25  Cloaking Field  
  147  8:31  Siege Tank  
  150  8:37  Refinery  
  150  8:38  Refinery  
  153  8:41  Siege Tank  
  153  8:42  Hellion x2  
  153  8:43  Hellion x2  
  161  8:52  Hyperflight Rotors  
  161  8:54  Supply Depot  
  161  8:55  Command Center  
  159  9:03  Siege Tank  
  159  9:04  Factory Reactor  
  159  9:05  Hellion  
  159  9:06  Hellion x2, Banshee x2  
  174  9:13  Planetary Fortress  
  166  9:27  Hellion x2  
  166  9:28  Hellion x3  
  160  9:36  Hellion  
  162  9:46  Hellion x2  
  162  9:48  Thor x2  
  162  9:49  Hellion, Banshee x2  
  162  9:50  Hellion x2  
  170  10:30  Thor x2  
  170  10:31  Thor, Hellion x4  
  170  10:32  Banshee  
  189  10:48  Siege Tank  
  192  10:56  Command Center  
  195  11:07  Refinery  
  195  11:10  Refinery  
Show
View Real Time Build Order
Export as new Build Order

SilentFate Zerg 

Build Orders: Hatch First 

Get SALT Encoding   

  12  0:00  Drone  
  13  0:11  Drone  
  14  0:14  Extractor  
  14  0:18  Drone  
  15  0:37  Hatchery  
  15  0:39  Extractor  
  15  0:40  Drone  
  15  0:46  Overlord  
  15  1:00  Spawning Pool  
  14  1:04  Drone  
  14  1:07  Drone  
  16  1:11  Drone  
  16  1:17  Drone  
  18  1:19  Extractor  
  17  1:27  Drone  
  18  1:38  Drone  
  19  1:49  Drone  
  19  1:50  Queen x2  
  19  1:53  Zergling x2  
  25  2:03  Zergling x2  
  25  2:07  Overlord  
  26  2:20  Hatchery  
  25  2:26  Metabolic Boost  
  25  2:35  Drone x2  
  27  2:37  Drone  
  27  2:43  Drone x2  
  30  2:46  Drone  
  31  2:52  Overlord  
  30  3:08  Zergling x10  
  35  3:13  Zergling x6  
  35  3:19  Zergling x4  
  40  3:26  Queen  
  42  3:35  Drone x5  
  47  3:47  Drone x2  
  49  3:53  Overlord  
  49  4:10  Overlord  
  49  4:11  Queen  
  49  4:14  Drone x7  
  52  4:25  Drone x3  
  50  4:36  Drone x2  
  50  4:37  Drone x4  
  50  4:38  Lair  
  56  4:43  Drone x3  
  59  4:46  Queen, Extractor  
  59  4:48  Roach Warren  
  59  4:50  Queen, Evolution Chamber  
  60  4:58  Evolution Chamber  
  60  5:00  Drone x3  
  60  5:03  Overlord  
  62  5:10  Drone  
  62  5:11  Overlord x2  
  62  5:12  Drone x2  
  65  5:30  Extractor  
  65  5:31  Extractor  
  63  5:35  Extractor  
  63  5:36  Drone x10  
  63  5:42  Drone  
  75  5:56  Drone x3  
  80  6:03  Overlord  
  82  6:07  Overlord x3  
  76  6:12  Zerg Missile Weapons Level 1, Zerg Ground Armor Level 1  
  76  6:19  Evolution Chamber  
  76  6:25  Extractor  
  74  6:29  Overseer  
  74  6:30  Evolution Chamber  
  72  6:33  Evolution Chamber  
  71  6:43  Drone x9  
  70  6:53  Drone x6  
  74  6:57  Queen  
  76  7:03  Roach x2, Glial Reconstitution  
  80  7:14  Roach x3  
  86  7:26  Roach  
  86  7:27  Roach x8  
  104  7:35  Roach  
  104  7:36  Roach x2  
  110  7:45  Roach x2  
  110  7:46  Overlord  
  110  7:50  Overlord x2  
  114  7:56  Overseer  
  114  8:01  Overlord x2  
  114  8:02  Hatchery  
  113  8:08  Roach x3  
  113  8:09  Roach x3  
  131  8:20  Roach x6  
  137  8:28  Roach x4  
  137  8:32  Ravager  
  137  8:33  Overlord x3  
  146  8:51  Spire  
  146  8:53  Roach x9  
  161  9:00  Spore Crawler  
  161  9:01  Drone x7  
  155  9:05  Roach  
  155  9:06  Zerg Missile Weapons Level 2, Zerg Ground Armor Level 2  
  155  9:08  Ravager x4  
  161  9:12  Infestation Pit, Spore Crawler  
  161  9:13  Overseer  
  161  9:15  Drone  
  161  9:16  Drone x2  
  162  9:34  Roach x7  
  162  9:38  Spore Crawler  
  175  9:41  Spore Crawler  
  174  9:52  Overlord x3  
  142  10:05  Overlord  
  142  10:06  Roach x5, Zergling x12  
  142  10:07  Roach x3  
  145  10:11  Overseer, Corruptor  
  145  10:12  Corruptor  
  143  10:18  Corruptor  
  130  10:32  Corruptor x3  
  133  10:38  Corruptor  
  135  10:43  Corruptor  
  135  10:46  Ravager x3  
  135  10:47  Ravager  
  141  11:01  Spore Crawler  
  138  11:06  Zergling x14  
Tags
 
Add a new tag
Caveats
  • Supply blocks, unpowered buildings, or Contaminate may cause inaccurate times.
  • Supply counts are checked every 10 seconds.